 Dungeon Crawl Stone Soup version 0.24.1-11-gbbbb2193e6 (webtiles) character file.

Game seed: 7646192608650245826, levelgen mode: deterministic

172 Gwenloh the Chopper (level 5, -4/48 HPs)
             Began as a Hill Orc Monk on May 13, 2020.
             Slain by Sigmund
             ... wielding a +0 scythe
              (11 damage)
             ... on level 3 of the Dungeon.
             The game lasted 00:10:01 (2704 turns).

Gwenloh the Chopper (Hill Orc Monk)                 Turns: 2704, Time: 00:10:02

Health: -4/48      AC:  6    Str: 14    XL:     5   Next: 52%
Magic:  5/5        EV: 11    Int: 10    God:
Gold:   93         SH:  0    Dex: 14    Spells: 4/4 levels left

rFire    . . .     SeeInvis .   a - +0 hand axe
rCold    . . .     Gourm    .   r - +0 buckler
rNeg     . . .     Faith    .   n - +0 ring mail (curse)
rPois    .         Spirit   .   (no helmet)
rElec    .         Reflect  .   (no cloak)
rCorr    .         Harm     .   i - +0 pair of gloves
MR       .....                  (no boots)
Stlth    ..........             e - amulet of rage
HPRegen  0.16/turn              (no ring)
MPRegen  0.09/turn              (no ring)

@: confused
A: no striking features
a: Evoke Berserk Rage


You were on level 3 of the Dungeon.
You were hungry.

You visited 1 branch of the dungeon, and saw 4 of its levels.

You collected 93 gold pieces.

Inventory:

Hand Weapons
 a - a +0 hand axe (weapon)
 b - a +0 hunting sling
Missiles
 f - 43 stones
 s - 8 boomerangs (quivered)
Armour
 h - a +0 ring mail
 i - a +0 pair of gloves (worn)
 j - a +0 robe
 n - a cursed +0 ring mail (worn)
 r - a +0 buckler (worn)
Jewellery
 e - an amulet of rage (around neck)
 p - an uncursed amulet of guardian spirit {unknown}
Scrolls
 d - a scroll of amnesia {unknown}
 g - 4 scrolls of identify {unknown}
 l - a scroll of blinking {unknown}
 m - 3 scrolls of teleportation {unknown}
Potions
 k - a potion of lignification {unknown}
 q - a potion of cancellation {unknown}
Comestibles
 c - 4 rations
 o - 6 chunks of flesh


   Skills:
 * Level 5.1 Fighting
 * Level 5.7 Axes
 + Level 1.3 Throwing
 + Level 2.0 Armour
 - Level 2.4 Dodging
 - Level 1.5 Stealth
 + Level 0.4 Shields


You had 4 spell levels left.
You didn't know any spells.
Your spell library was empty.

Dungeon Overview and Level Annotations

Branches:
Dungeon (4/15)
 Temple: D:4-7

Altars:

Annotations:
D:3 Sigmund


Message History

You bump into the rock wall.
Something hits you!
You hear some strange, mumbled words.
You are more confused.
You see here an orc skeleton.
Things that are here:
a +0 short sword; an adder skeleton; an orc skeleton A magic dart appears from out of thin air!
The magic dart hits you.
* * * LOW HITPOINT WARNING * * *
Something hits you.
* * * LOW HITPOINT WARNING * * *
Things that are here:
a +0 short sword; an adder skeleton; an orc skeleton Something hits you.
* * * LOW HITPOINT WARNING * * *
You bump into the rock wall.
Something hits you.
* * * LOW HITPOINT WARNING * * *
You bump into the rock wall.
Something hits you!
You die...

#.####### #.# ## #.# #.
#.# #.
##########.######.
#####...<.............
#.................#.#.
#. .#
#.###.########.####.#.
.#####.# #.# #@# #.#
#.#. ....#.# #.# #)#
#.####.## .....###.#
#รท# #......>.
#........###.##
######... #
#........##...## ####
#.##..####..#.....#####
#...(..)..............#
####((#####.#.....###.#
#..# #.##...## .#


There were no monsters in sight!

Vanquished Creatures
  An orc wizard (D:3)
  Jessica (D:3)
  5 adders
  A worm (D:2)
  3 dart slugs
  3 leopard geckos (D:1)
  5 orcs (D:3)
  7 bats
  6 giant cockroaches
  6 goblins
  8 hobgoblins
  3 kobolds
  A frilled lizard (D:1)
  7 rats
57 creatures vanquished.

Notes
Turn   | Place    | Note
-------+----------+-------------------------------------------
     0 | D:1      | Gwenloh the Hill Orc Monk began the quest for the Orb.
     0 | D:1      | Reached XP level 1. HP: 19/19 MP: 1/1
   130 | D:1      | Reached XP level 2. HP: 24/27 MP: 2/2
   455 | D:1      | Reached skill level 1 in Armour
   469 | D:1      | Reached XP level 3. HP: 33/33 MP: 3/3
  1404 | D:2      | Reached skill level 5 in Axes
  1404 | D:2      | Reached XP level 4. HP: 41/41 MP: 4/4
  1825 | D:2      | Reached skill level 1 in Throwing
  1895 | D:3      | Noticed Sigmund
  2136 | D:3      | Noticed Jessica
  2181 | D:3      | Killed Jessica
  2181 | D:3      | Reached XP level 5. HP: 27/47 MP: 5/5
  2336 | D:3      | Reached skill level 5 in Fighting
  2704 | D:3      | Slain by Sigmund

Levels and vault maps discovered:
D:1:      scummos_arrival_gate, layout_basic, minmay_pentomino_o4
D:2:      layout_loops_cross, first_ration
D:3:      layout_loops_ring, uniq_sigmund, uniq_jessica
D:4:      layout_basic, lemuel_crystal_altar, st_stairs_5, uniq_natasha

Skill      XL: |  1  2  3  4  5 |
---------------+----------------+-----
Fighting       | 4 5 |  5.1
Armour         | 1 2 |  2.0
Axes           | 5 |  5.7
Throwing       | 1 |  1.3
Dodging        | |  2.4
Stealth        | |  1.5
Shields        | |  0.4

Action                   |  1- 3 |  4- 6 || total
-------------------------+-------+-------++-------
Melee: Hand axe          |    68 |    62 ||   130
 Fire: Hunting sling     |    59 |    34 ||    93
Throw: Stone             |    18 |    10 ||    28
 Stab: Sleeping          |     1 |       ||     1
  Eat: Chunk             |     2 |     3 ||     5
Armor: Ring mail         |    19 |    33 ||    52
       Robe              |     2 |       ||     2
Dodge: Dodged            |    67 |    34 ||   101
Block: Buckler           |       |     3 ||     3
